 Dungeon Crawl Stone Soup version 0.29.1-1-gd02db6906a (webtiles) character file.

Game seed: 4894018699997941537

848 MisterFreud the Twirler (level 8, -6/62 HPs)
             Began as a Formicid Gladiator on Oct 10, 2022.
             Was an Initiate of Yredelemnul.
             Mangled by a gnoll sergeant
             ... wielding a +3 trident of holy wrath
              (16 damage)
             ... on level 9 of the Dungeon.
             The game lasted 00:04:14 (3974 turns).

MisterFreud the Twirler (Formicid Gladiator)        Turns: 3974, Time: 00:04:14

Health: -6/62      AC:  4    Str: 22    XL:     8   Next: 20%
Magic:  8/8        EV: 12    Int:  7    God:    Yredelemnul [......]
Gold:   181        SH:  0    Dex: 15    Spells: 7/7 levels left

rFire   . . .      SeeInvis +   a - +1 quarterstaff
rCold   . . .      Faith    .   (no shield)
rNeg    . . .      Spirit   .   b - +0 leather armour
rPois   +          Reflect  .   (helmet unavailable)
rElec   .          Harm     .   (no cloak)
rCorr   .          Rampage  .   (no gloves)
Will    .....                   e - +0 pair of boots
Stlth   +.........              f - amulet of regeneration
HPRegen 1.00/turn               l - ring of poison resistance
MPRegen 0.11/turn               (no ring)

@: no status effects
A: permanent stasis, dig shafts and tunnels, antennae 3, four strong arms
a: Dig, Shaft Self, Renounce Religion, Recall Undead Harvest


You were on level 9 of the Dungeon.
You worshipped Yredelemnul.
Yredelemnul was noncommittal.
You visited 2 branches of the dungeon, and saw 7 of its levels.

You collected 181 gold pieces.

Inventory:

Hand Weapons
 a - a +1 quarterstaff (weapon)
Missiles
 c - 3 throwing nets (quivered)
 d - a javelin
Armour
 b - a +0 leather armour (worn)
 e - a +0 pair of boots (worn)
Jewellery
 f - an amulet of regeneration (around neck)
 l - a ring of poison resistance (left hand)
Wands
 k - a wand of digging (9)
Potions
 g - a potion of curing
 h - a potion of might
 i - a potion of heal wounds
 j - a potion of ambrosia
 m - a potion of degeneration {unknown}
 n - a potion of invisibility {unknown}


   Skills:
 - Level 5.0 Fighting
 + Level 6.7 Staves
 - Level 2.0 Throwing
 - Level 5.0 Armour
 - Level 2.6 Dodging


You had 7 spell levels left.
You didn't know any spells.
Your spell library contained the following spells:

 Spells                   Type           Power      Damage    Failure   Level
 Beastly Appendage        Tmut           0%         N/A       47%         1
 Wereblood                Tmut           0%         N/A       63%         2
 Spider Form              Tmut/Pois      0%         N/A       85%         3


Dungeon Overview and Level Annotations

Branches:
Dungeon (6/15)             Temple (1/1) D:6

Altars:
Ashenzari
Cheibriados
Dithmenos
Elyvilon
Fedhas
Gozag
Hepliaklqana
Kikubaaqudgha
Makhleb
Nemelex Xobeh
Okawaru
Qazlal
Ru
Sif Muna
Trog
Uskayaw
Vehumet
Wu Jian
Xom
Yredelemnul
Zin
Jiyva
Lugonu

Shops:
D:6 (


Innate Abilities, Weirdness & Mutations

You cannot be hasted, slowed, berserked, paralysed or teleported.
You can dig through walls and to a lower floor.
You have a pair of large antennae on your head. (SInv)
Your four strong arms can wield two-handed weapons with a shield.


Message History

You closely miss the gnoll.
The gnoll is heavily wounded.
The gnoll hits you with a +0 club. The gnoll sergeant closely misses you.
You hit the gnoll.
The gnoll is severely wounded.
The gnoll hits you with a +0 club. The gnoll sergeant closely misses you.
You sock the gnoll!
You kill the gnoll!
The dead are walking!
You swap places.
The gnoll misses you. The gnoll sergeant misses you.
Things that are here:
a +0 club; a +0 club You hit the gnoll sergeant.
The gnoll sergeant is lightly wounded.
The gnoll closely misses you.
The gnoll sergeant hits you with a +3 trident of holy wrath!
You barely miss the gnoll sergeant.
The gnoll sergeant is lightly wounded.
The gnoll barely misses you.
The gnoll sergeant hits you with a +3 trident of holy wrath!
You sock the gnoll sergeant!
The gnoll sergeant is heavily wounded.
The gnoll barely misses you.
The gnoll sergeant hits you with a +3 trident of holy wrath.
The gnoll sergeant blocks your attack.
The gnoll sergeant is heavily wounded.
The gnoll hits you from afar with a +0 halberd.
The gnoll sergeant hits you with a +3 trident of holy wrath!
The gnoll sergeant blocks your attack.
The gnoll sergeant is heavily wounded.
The gnoll barely misses you.
The gnoll sergeant hits you with a +3 trident of holy wrath!
* * * LOW HITPOINT WARNING * * *
You are too injured to fight recklessly!
You hit the gnoll sergeant but do no damage.
The gnoll sergeant is heavily wounded.
The gnoll closely misses you.
The gnoll sergeant hits you with a +3 trident of holy wrath!
You die...
Your body rises from the dead as a mindless zombie.

#.#.# #.#.# #.#.#
##.#.# ##..#.#
#######.#.#.#
#...........#
.#########.#####...###
....ggg@ZZ.# ##.##
#########..# #.# #..#
#.# #..# #.# ...# #.#
...# #.# #...# #.#
..... ...


You could see a gnoll sergeant (ally target), 2 gnolls and 2 friendly gnoll
zombies.

Vanquished Creatures
  Eustachio (D:4)
  A steam dragon (D:6)
  Menkaure (D:4)
  A black bear (D:6)
  A scorpion (D:6)
  An orc priest (D:3)
  Natasha (thrice) (D:2)
  Terence (D:3)
  2 iguanas (D:6)
  2 gnolls (D:9)
  3 adders
  A white imp (D:6)
  A worm (D:4)
  4 dart slugs
  7 orcs
  6 endoplasms
  2 giant cockroaches (D:1)
  3 hobgoblins (D:1)
  3 jackals (D:1)
  2 quokkas
  4 ball pythons
  3 bats
  3 frilled lizards
  9 goblins
  6 kobolds
  8 rats
79 creatures vanquished.

Vanquished Creatures (collateral kills)
  An orc (D:6)
1 creature vanquished.

Vanquished Creatures (others)
  A black bear zombie (D:6)
  A withered plant (D:2)
2 creatures vanquished.

Grand Total: 82 creatures vanquished

Notes
Turn   | Place    | Note
-------+----------+-------------------------------------------
     0 | D:1      | MisterFreud the Formicid Gladiator began the quest for the
                  | Orb.
     0 | D:1      | Reached XP level 1. HP: 16/16 MP: 1/1
   220 | D:1      | Reached XP level 2. HP: 19/22 MP: 2/2
   563 | D:1      | Reached skill level 4 in Staves
   563 | D:1      | Reached XP level 3. HP: 27/27 MP: 3/3
   986 | D:2      | Found a shimmering altar of Xom.
  1322 | D:2      | Reached XP level 4. HP: 29/33 MP: 4/4
  1432 | D:2      | Found a faded altar of an unknown god.
  1511 | D:2      | Noticed Natasha
  1533 | D:2      | Killed Natasha
  1534 | D:2      | Reached skill level 5 in Staves
  1636 | D:2      | Noticed Natasha
  1647 | D:2      | Killed Natasha
  1648 | D:2      | Reached XP level 5. HP: 11/38 MP: 5/5
  1958 | D:2      | Noticed Natasha
  1962 | D:2      | Killed Natasha
  2414 | D:3      | Reached skill level 6 in Staves
  2451 | D:3      | Reached XP level 6. HP: 40/46 MP: 6/6
  2455 | D:3      | Reached skill level 1 in Armour
  2713 | D:3      | Noticed Terence
  2727 | D:3      | Killed Terence
  3287 | D:4      | Noticed Eustachio
  3439 | D:4      | Killed Eustachio
  3440 | D:4      | Reached XP level 7. HP: 28/53 MP: 7/7
  3521 | D:4      | Noticed Menkaure
  3535 | D:4      | Killed Menkaure
  3592 | D:4      | HP: 2/55 [hound (3)]
  3596 | D:4      | You fall into a shaft and drop 2 floors!
  3650 | D:6      | Found Ukho's Weapon Shoppe.
  3680 | D:6      | Found a staircase to the Ecumenical Temple.
  3698 | Temple   | Entered the Ecumenical Temple
  3733 | Temple   | Became a worshipper of Yredelemnul the Dark
  3772 | D:6      | Noticed a steam dragon
  3783 | D:6      | Killed a steam dragon
  3784 | D:6      | Reached skill level 5 in Fighting
  3886 | D:6      | Reached skill level 5 in Armour
  3886 | D:6      | Reached XP level 8. HP: 56/62 MP: 8/8
  3919 | D:6      | You fall into a shaft and drop 3 floors!
  3974 | D:9      | Mangled by a gnoll sergeant

Illustrated notes

Levels and vault maps discovered:
D:1:      minmay_arrival_wavy_path, layout_basic
D:2:      minmay_general_purpose_star, layout_basic, basic_altar,
          ebering_ecumenical_altar_petrified, uniq_natasha
D:3:      layout_basic, uniq_terence
D:4:      layout_gridville, uniq_eustachio, uniq_menkaure
D:6:      layout_basic, minmay_temple_entry_statues_fountains, serial_shops,
          nicolae_stop_n_shop_1, nicolae_shop_hallway_stairs,
          nicolae_inconvenience_store
D:9:      cheibrodos_elevator_heist, layout_loops_ring, serial_shops,
          nicolae_square_shop, uniq_harold, uniq_erolcha
Temple:   hellmonk_choose_your_character

Skill      XL: |  1  2  3  4  5  6  7 |
---------------+----------------------+-----
Staves         | 4 5 6 |  6.7
Armour         | 2 5 |  5.0
Fighting       | 3 5 |  5.0
Throwing       | |  2.0
Dodging        | |  2.6

Action                   |  1- 3 |  4- 6 |  7- 9 || total
-------------------------+-------+-------+-------++-------
Melee: Quarterstaff      |    85 |   107 |    63 ||   255
       Punch             |       |     1 |       ||     1
Throw: Javelin           |       |     1 |       ||     1
       Throwing net      |       |     1 |       ||     1
 Abil: Shaft Self        |       |       |     2 ||     2
  Use: Scroll            |     3 |     6 |     1 ||    10
       Potion            |       |     2 |     1 ||     3
 Stab: Sleeping          |     1 |     1 |       ||     2
Armor: Leather armour    |    20 |    27 |    13 ||    60
Dodge: Dodged            |    49 |    57 |    59 ||   165
